 Dungeon Crawl Stone Soup version 0.23.2-1-ga50397a6bc (webtiles) character file.

Game seed: 8330171687196643501

3201 Kobolds4U the Carver (level 9, -3/74 HPs)
             Began as a Minotaur Fighter on May 10, 2019.
             Was a Follower of Hepliaklqana.
             Slain by an orc warrior
             ... wielding a +0 war axe
              (5 damage)
             ... in a bailey on May 21, 2019.
             The game lasted 00:20:41 (6474 turns).

Kobolds4U the Carver (Minotaur Fighter)             Turns: 6474, Time: 00:20:42

Health: -3/74      AC: 20    Str: 21    XL:     9   Next: 65%
Magic:  8/8        EV:  4    Int:  5    God:    Hepliaklqana [*.....]
Gold:   355        SH:  9    Dex: 13    Spells: 8/8 levels left

rFire    + . .     SeeInvis .   O - +4 long sword
rCold    . . .     Gourm    .   c - +0 shield
rNeg     . . .     Faith    .   W - +0 plate armour
rPois    .         Spirit   .   v - +2 hat
rElec    .         Reflect  .   x - +1 cloak
rCorr    .         Harm     .   r - +0 pair of gloves
MR       .....                  T - +0 pair of boots
Stlth    ..........             (no amulet)
HPRegen  0.22/turn              s - ring of protection from fire
MPRegen  0.11/turn              (no ring)

@: no status effects
A: retaliatory headbutt, reduced essence, horns 2
a: Recall Ancestor, Ancestor Identity, Renounce Religion


You were in a bailey.
You worshipped Hepliaklqana.
Hepliaklqana was aware of your devotion.
You were not hungry.

You visited 1 branch of the dungeon, and saw 9 of its levels.
You also visited: Bailey.

You collected 459 gold pieces.
You spent 104 gold pieces at shops.

Inventory:

Hand Weapons
 a - a +0 long sword
 b - a +1 falchion of holy wrath
 m - a +0 vampiric short sword
 D - a +3 antimagic mace
 J - a +0 morningstar
 K - a +0 scimitar
 O - a +4 long sword (weapon)
 Q - a +0 great sword
Missiles
 C - 6 tomahawks (quivered)
Armour
 c - a +0 shield (worn)
 k - a +3 scale mail
 r - a +0 pair of gloves (worn)
 v - a +2 hat (worn)
 x - a +1 cloak (worn)
 M - a scarf of cloud immunity
 N - a +1 leather armour of fire resistance
 T - a +0 pair of boots (worn)
 W - a +0 plate armour (worn)
Jewellery
 g - an uncursed ring of protection from fire
 s - a ring of protection from fire (left hand)
 y - an uncursed ring of protection from fire
 F - an uncursed ring of protection from fire
 U - an uncursed ring of see invisible {unknown}
Wands
 w - a wand of iceblast (17)
 I - a wand of clouds (1)
 L - a wand of polymorph (7)
Scrolls
 e - 7 scrolls of teleportation
 h - a scroll of random uselessness {unknown}
 j - 5 scrolls of enchant armour {unknown}
 l - 2 scrolls of immolation {unknown}
 o - 5 scrolls of amnesia {unknown}
 u - 3 scrolls of remove curse {unknown}
 G - 9 scrolls of identify {unknown}
 R - a scroll of magic mapping
 S - 4 scrolls of fog {unknown}
Potions
 d - 2 potions of might
 i - a potion of lignification {unknown}
 n - 3 potions of heal wounds {unknown}
 p - 2 potions of ambrosia {unknown}
 q - a potion of agility {unknown}
 t - a potion of mutation {unknown}
 z - a potion of degeneration {unknown}
 A - a potion of haste {unknown}
 B - a potion of brilliance {unknown}
 E - 2 potions of curing {unknown}
 P - 2 potions of cancellation {unknown}
 V - a potion of resistance {unknown}
Comestibles
 f - 23 rations
 H - 2 chunks of flesh


   Skills:
 + Level 9.0 Fighting
 * Level 12.5 Long Blades
 + Level 7.0 Armour
 - Level 3.6 Shields


You had 8 spell levels left.
You didn't know any spells.
Your spell library contained the following spells:

 Spells                   Type           Power        Failure   Level  Hunger
 Beastly Appendage        Tmut           #.....       100%        1    ##.....
 Sticks to Snakes         Tmut           #.......     100%        2    ###....
 Spider Form              Tmut/Pois      #.........   100%        3    ####...
 Ice Form                 Ice/Tmut       #.......     100%        4    #####..
 Blade Hands              Tmut           #.........   100%        5    ######.


Dungeon Overview and Level Annotations

Branches:
Dungeon (9/15)             Temple (0/1) D:7
   Lair: D:8-11         Orc: D:9-12

Altars:
Cheibriados
Hepliaklqana
Makhleb
Nemelex Xobeh
Okawaru
Sif Muna
Vehumet
Wu Jian
Yredelemnul
The Shining One

Shops:
D:4 %%}[   D:7 *

Annotations:
D:8 Gastronok, Maurice


Innate Abilities, Weirdness & Mutations

You reflexively headbutt those who attack you in melee.
You have a pair of horns on your head.
Your life essence is reduced to manifest your ancestor. (-10% HP)


Message History

The orc warrior hits you but does no damage.
Your shield and plate armour prevent you from hitting the orc knight.
You headbutt the orc knight, but do no damage.
The orc knight is moderately wounded.
The orc knight hits you but does no damage.
You block the orc warrior's attack.
You slash the orc knight! You headbutt the orc knight.
The orc knight is heavily wounded.
You hit the orc knight.
The orc knight is heavily wounded.
You block the orc knight's attack.
The orc warrior hits you with a +0 war axe!!
* * * LOW HITPOINT WARNING * * *
You hit the orc knight.
The orc knight is heavily wounded.
The orc knight barely misses you.
You riposte.
You closely miss the orc knight. You headbutt the orc knight.
The orc knight is severely wounded.
The orc warrior hits you with a +0 war axe.
You die...

###.}[...?$.###
#.............#
...............
...............
...........
....... #oo)#
###@###
##.....##
#...8...#
#∩.....∩#
##.()..##
####+++####
##≈...(...≈##
##≈≈...(...≈≈##
KK≈≈...(...≈≈K.


You could see an orc knight and an orc warrior.

Vanquished Creatures
  An orc knight (Bailey)
  Prince Ribbit (D:8)
  2 hippogriffs
  Duvessa (D:7)
  4 orc warriors
  A black bear (D:6)
  2 ogres
  4 centaurs
  A big kobold (D:8)
  Blork the orc (D:4)
  A scorpion (D:7)
  A water moccasin skeleton (D:4)
  Dowan (D:7)
  4 wights (D:6)
  A quasit (D:5)
  2 crimson imps
  6 hounds
  A jelly (D:6)
  2 orc priests
  3 iguanas
  2 orc wizards
  A hound skeleton (D:4)
  2 mummies
  9 adders
  A shadow imp (D:6)
  2 adder zombies
  3 worms
  A dart slug (D:1)
  5 leopard geckos
  18 orcs
  A ball python (D:2)
  8 giant cockroaches
  10 goblins
  10 hobgoblins
  5 jackals
  5 quokkas
  5 bats
  6 frilled lizards
  12 kobolds
  A leopard gecko skeleton (D:5)
  A leopard gecko zombie (D:5)
  A quokka zombie (D:6)
  9 rats
158 creatures vanquished.

Vanquished Creatures (others)
  2 ancestors
2 creatures vanquished.

Grand Total: 160 creatures vanquished

Notes
Turn   | Place    | Note
-------+----------+-------------------------------------------
     0 | D:1      | Kobolds4U the Minotaur Fighter began the quest for the Orb.
     0 | D:1      | Reached XP level 1. HP: 19/19 MP: 0/0
    49 | D:1      | Reached skill level 3 in Long Blades
   109 | D:1      | Reached XP level 2. HP: 24/26 MP: 1/1
   228 | D:1      | Reached skill level 4 in Long Blades
   475 | D:1      | Reached XP level 3. HP: 31/31 MP: 2/2
  1062 | D:2      | Found a basalt altar of Yredelemnul.
  1064 | D:2      | Noticed a profane servitor
  1074 | D:2      | Found a glowing golden altar of the Shining One.
  1076 | D:2      | Noticed an angel
  1224 | D:2      | Reached skill level 5 in Long Blades
  1320 | D:2      | Reached XP level 4. HP: 37/39 MP: 3/3
  1782 | D:3      | Reached skill level 6 in Long Blades
  2020 | D:3      | Reached XP level 5. HP: 21/46 MP: 4/4
  2212 | D:3      | Found an iron altar of Okawaru.
  2461 | D:4      | Found Suyfatul's Food Emporium.
  2478 | D:4      | Reached skill level 7 in Long Blades
  2478 | D:4      | Reached XP level 6. HP: 51/53 MP: 5/5
  2520 | D:4      | Found Ikisupe's Gadget Shoppe.
  2541 | D:4      | Found Ulux's Armour Emporium.
  2583 | D:4      | Noticed Blork the orc
  2591 | D:4      | Killed Blork the orc
  2616 | D:4      | Reached skill level 5 in Fighting
  2628 | D:4      | Found Jeonir's Food Shoppe.
  2694 | D:4      | Found a burning altar of Makhleb.
  2804 | D:4      | Found a sparkling altar of Nemelex Xobeh.
  2992 | D:5      | Entered Level 5 of the Dungeon
  3142 | D:5      | Reached skill level 8 in Long Blades
  3223 | D:5      | You fall through a shaft for 3 floors!
  3241 | D:8      | Reached XP level 7. HP: 48/61 MP: 6/6
  3316 | D:8      | Noticed Prince Ribbit
  3539 | D:8      | Noticed a hippogriff
  3547 | D:8      | Killed a hippogriff
  3547 | D:8      | Reached skill level 9 in Long Blades
  3841 | D:8      | Noticed Gastronok
  3977 | D:8      | Killed Prince Ribbit
  3977 | D:8      | Reached skill level 10 in Long Blades
  3977 | D:8      | Reached XP level 8. HP: 42/71 MP: 7/7
  3984 | D:7      | Noticed Dowan
  3989 | D:7      | Noticed Duvessa
  4381 | D:5      | Found a hazy altar of Hepliaklqana.
  4448 | D:5      | Became a worshipper of Hepliaklqana the Forgotten
  4655 | D:6      | Reached skill level 5 in Armour
  4664 | D:6      | Reached skill level 11 in Long Blades
  4678 | D:6      | Found an ornate altar of the Wu Jian Council.
  4782 | D:6      | Found a deep blue altar of Sif Muna.
  5326 | D:7      | Found Ylonwoag's General Store.
  5330 | D:7      | Bought a scroll of magic mapping for 52 gold pieces
  5330 | D:7      | Bought a scroll of magic mapping for 52 gold pieces
  5332 | D:7      | Found a snail-covered altar of Cheibriados.
  5342 | D:7      | Reached * piety under Hepliaklqana
  5361 | D:7      | Found a staircase to the Ecumenical Temple.
  5572 | D:7      | Killed Dowan
  5572 | D:7      | Reached XP level 9. HP: 72/72 MP: 8/8
  5603 | D:7      | Killed Duvessa
  5738 | D:7      | Found a radiant altar of Vehumet.
  5987 | D:8      | Noticed Maurice
  6089 | D:8      | You fall through a shaft!
  6129 | D:9      | Reached skill level 12 in Long Blades
  6249 | D:9      | Found a flagged portal.
  6258 | Bailey   | Entered a bailey
  6278 | Bailey   | Noticed an orc knight
  6293 | Bailey   | Killed an orc knight
  6459 | Bailey   | Noticed an orc knight
  6473 | Bailey   | HP: 2/74 [orc warrior/+0 war axe (27)]
  6474 | Bailey   | Slain by an orc warrior

Skill      XL: |  1  2  3  4  5  6  7  8  9 |
---------------+----------------------------+-----
Long Blades    | 3 4 5 6 7 8 10 11 12 | 12.5
Fighting       | 4 5 6 7 9 |  9.0
Armour         | 4 5 7 |  7.0
Shields        | |  3.6

Action                   |  1- 3 |  4- 6 |  7- 9 || total
-------------------------+-------+-------+-------++-------
Melee: Long sword        |   112 |   163 |   174 ||   449
       Headbutt          |    14 |    34 |    63 ||   111
       Falchion          |       |     4 |       ||     4
       Scimitar          |       |       |    95 ||    95
Invok: Ancestor Identity |       |       |     2 ||     2
       Recall Ancestor   |       |       |     1 ||     1
  Use: Scroll            |       |       |     2 ||     2
       Potion            |       |       |     1 ||     1
  Eat: Chunk             |     1 |     7 |     7 ||    15
       Ration            |       |       |     1 ||     1
Armor: Scale mail        |    41 |   109 |   112 ||   262
       Plate armour      |       |       |    46 ||    46
Dodge: Dodged            |    49 |    40 |    61 ||   150
Block: Shield            |    56 |    90 |   129 ||   275
       Rpst.: Long sword |    12 |    11 |    10 ||    33
       Scimitar          |       |       |     6 ||     6
